 Dungeon Crawl Stone Soup version 0.25.1-8-g42b30a86e7 (webtiles) character file.

Game seed: 1033137466992752024

985 Arcadio the Conjurer (level 7, -1/50 HPs)
             Began as a Grey Draconian Conjurer on Dec 17, 2020.
             Succumbed to Duvessa's poison
             ... on level 5 of the Dungeon.
             The game lasted 00:25:12 (6514 turns).

Arcadio the Conjurer (Grey Draconian Conjurer)      Turns: 6514, Time: 00:25:12

Health: -1/50      AC: 11    Str: 10    XL:     7   Next: 97%
Magic:  2/10       EV: 15    Int: 17    God:
Gold:   110        SH:  0    Dex: 12    Spells: 2/10 levels left

rFire    . . .     SeeInvis .   o - +2 short sword (holy)
rCold    . . .     Gourm    .   (no shield)
rNeg     . . .     Faith    .   (armour unavailable)
rPois    .         Spirit   .   (helmet restricted)
rElec    .         Reflect  .   (no cloak)
rCorr    .         Harm     .   (no gloves)
MR       .....                  (no boots)
Stlth    ++........             (no amulet)
HPRegen  0.16/turn              (no ring)
MPRegen  0.12/turn              (no ring)

@: lethally poisoned (-1 -> -47), very slightly contaminated
A: walk through water, unfitting armour, unbreathing, cold-blooded, AC +11
a: no special abilities


You were on level 5 of the Dungeon.
You were not hungry.

You visited 1 branch of the dungeon, and saw 7 of its levels.

You collected 305 gold pieces.
You spent 195 gold pieces at shops.

Inventory:

Hand Weapons
 c - a +1 club
 h - a -1 hand axe
 o - a +2 short sword of holy wrath (weapon)
Armour
 a - a scarf of invisibility
 q - a +0 pair of gloves
Jewellery
 u - a cursed ring of positive energy {unknown}
Wands
 k - a wand of acid (15)
 s - a wand of random effects (12)
 v - a wand of disintegration (10)
Scrolls
 d - 3 scrolls of amnesia
 e - a scroll of enchant armour {unknown}
 f - a scroll of blinking
 l - 2 scrolls of teleportation
 t - a scroll of remove curse
 w - a scroll of enchant weapon
Potions
 g - a potion of lignification {unknown}
 j - a potion of cancellation
 m - 2 potions of invisibility
 p - a potion of degeneration {unknown}
 r - a potion of heal wounds
Comestibles
 b - 6 rations


   Skills:
 + Level 6.1 Dodging
 - Level 1.7 Stealth
 - Level 2.0 Spellcasting
 + Level 7.7 Conjurations


You had 2 spell levels left.
You knew the following spells:

 Your Spells              Type           Power        Failure   Level  Hunger
a - Magic Dart            Conj           ####         1%          1    #......
b - Searing Ray           Conj           ####..       1%          2    ###....
c - Dazzling Flash        Conj/Hex       ##....       12%         3    ###....
d - Blink                 Tloc           N/A          28%         2    ###....

Your spell library contained the following spells:

 Spells                   Type           Power        Failure   Level  Hunger
 Call Imp                 Summ           #.......     28%         2    ###....
 Slow                     Hex            #.......     28%         2    ###....
 Conjure Flame            Conj/Fire      ##......     12%         3    ###....
 Mephitic Cloud           Conj/Pois/Air  ##......     21%         3    ###....
 Fulminant Prism          Conj/Hex       ##........   36%         4    #####..
 Iskenderun's Mystic Bla  Conj/Tloc      ##......     36%         4    #####..


Dungeon Overview and Level Annotations

Branches:
Dungeon (7/15)
 Temple: D:4-7

Altars:
Nemelex Xobeh

Shops:
D:4 ([(!:

Annotations:
D:2 Sigmund
D:4 Natasha
D:5 Duvessa


Innate Abilities, Weirdness & Mutations

You can walk through water.
Your dull iron-grey scales are very hard. (AC +11)
You cannot fit into any form of body armour.
You can survive without breathing.
You are cold-blooded and may be slowed by cold attacks.


Message History

Duvessa hits you with a +2 short sword of venom!
You are lethally poisoned!
Duvessa hits you with a +2 short sword of venom.
You are more poisoned.
You feel very sick.
Your magical effects are unravelling.
You feel magically purged.
You feel a little less mighty now.
* * * LOW HITPOINT WARNING * * *
You feel very sick.
Duvessa hits you with a +2 short sword of venom.
* * * LOW HITPOINT WARNING * * *
You are more poisoned.
Duvessa hits you with a +2 short sword of venom.
* * * LOW HITPOINT WARNING * * *
Blink to where?
Press: ? - help, Dir - move target cursor, p - Duvessa You are very lightly contaminated with residual magic.
As you read the scroll of blinking, it crumbles to dust.
You die...

#...# #..# #.#
###>###..# #.###
###<.....# #...#
.........# ###.#
#######..### #.# #
##...# #.# #
##..###.#
#ยง.....####
#e#.....@.#
#.#....[.>#
#.#.......# ####
#.#.......#
.(.......)#########
###########


There were no monsters in sight!

Vanquished Creatures
  A sky beast (D:5)
  An ogre (D:4)
  2 scorpions
  Dowan (D:5)
  2 jellies (D:5)
  A quasit (D:5)
  A hound (D:5)
  2 orc priests (D:5)
  An orc wizard (D:3)
  A centaur skeleton (D:5)
  Jessica (D:2)
  An iguana (D:4)
  2 worker ants (D:5)
  Natasha (twice) (D:4)
  2 hound skeletons
  2 howler monkey skeletons (D:5)
  4 gnolls (D:3)
  7 adders
  3 shadow imps
  An ooze (D:1)
  3 worms (D:2)
  4 dart slugs
  A leopard gecko (D:4)
  5 orcs
  3 ball pythons
  3 giant cockroaches
  8 goblins
  8 hobgoblins
  9 jackals
  3 kobolds (D:2)
  5 quokkas
  A ball python skeleton (D:5)
  3 bats
  6 frilled lizards
  A quokka zombie (D:2)
  8 rats
109 creatures vanquished.

Notes
Turn   | Place    | Note
-------+----------+-------------------------------------------
     0 | D:1      | Arcadio the Draconian Conjurer began the quest for the Orb.
     0 | D:1      | Reached XP level 1. HP: 14/14 MP: 3/3
   503 | D:1      | Reached XP level 2. HP: 20/20 MP: 1/5
   507 | D:1      | Learned a level 2 spell: Searing Ray
  1412 | D:1      | Reached XP level 3. HP: 24/26 MP: 3/6
  1566 | D:2      | Found a sparkling altar of Nemelex Xobeh.
  1718 | D:2      | Noticed Sigmund
  1943 | D:2      | Reached XP level 4. HP: 33/33 MP: 3/7
  2180 | D:2      | Noticed Jessica
  2183 | D:2      | Killed Jessica
  2183 | D:2      | Reached skill level 5 in Conjurations
  2728 | D:2      | Reached XP level 5. HP: 38/38 MP: 2/8
  3632 | D:3      | Learned a level 3 spell: Dazzling Flash
  4147 | D:4      | Found Daonwul's Distillery.
  4170 | D:4      | Bought a potion of heal wounds for 60 gold pieces
  4170 | D:4      | Bought a potion of curing for 36 gold pieces
  4173 | D:4      | Reached XP level 6. HP: 45/45 MP: 2/9
  4242 | D:4      | You fall into a shaft and drop 3 floors!
  4243 | D:7      | Noticed an ice beast
  4268 | D:5      | Entered Level 5 of the Dungeon
  4272 | D:5      | Reached skill level 6 in Conjurations
  4317 | D:4      | Noticed Natasha
  4321 | D:4      | Killed Natasha
  4589 | D:4      | Found Xouthrypn's Weapon Shop.
  4620 | D:4      | Learned a level 2 spell: Blink
  4736 | D:4      | Noticed Natasha
  4741 | D:4      | Killed Natasha
  4792 | D:4      | Found Pewulos's Antique Armour Boutique.
  4797 | D:4      | Bought a pair of gloves for 99 gold pieces
  4817 | D:4      | Found Kiesoink's Weapon Shoppe.
  4863 | D:4      | Found Yvvouraq's Book Emporium.
  4870 | D:4      | Reached skill level 5 in Dodging
  4870 | D:4      | Your scales start taking on a dull iron-grey colour.
  4870 | D:4      | Reached XP level 7. HP: 39/50 MP: 3/10
  4870 | D:4      | Gained mutation: You can survive without breathing. [Grey
                  | Draconian growth]
  5197 | D:4      | Noticed Natasha
  5716 | D:5      | Reached skill level 7 in Conjurations
  6489 | D:5      | Noticed Duvessa
  6489 | D:5      | Noticed Dowan
  6494 | D:5      | Killed Dowan
  6514 | D:5      | Succumbed to Duvessa's poison

Illustrated notes

Levels and vault maps discovered:
D:1:      mrwooster_arrival_statue, layout_basic
D:2:      layout_loops_corners, first_ration, minmay_hexomino_r4, uniq_jessica,
          uniq_sigmund
D:3:      layout_loops_ring
D:4:      layout_basic, serial_shops, nicolae_shop_trees, shop, shop,
          shop_statue, shop, uniq_natasha
D:5:      layout_rooms, minmay_between, uniq_duvessa
D:6:      layout_loops_ring, minmay_temple_entry_hall
D:7:      layout_cave_pools, uniq_pikel, uniq_harold

Skill      XL: |  1  2  3  4  5  6  7 |
---------------+----------------------+-----
Dodging        | 2 3 4 5 6 |  6.1
Conjurations   | 5 6 7 |  7.7
Stealth        | |  1.7
Spellcasting   | |  2.0

Action                   |  1- 3 |  4- 6 |  7- 9 || total
-------------------------+-------+-------+-------++-------
Melee: Club              |    18 |    20 |       ||    38
       Tailslap          |     4 |     6 |     3 ||    13
       Unarmed           |     2 |       |       ||     2
       Short sword       |       |    29 |    24 ||    53
 Cast: Magic Dart        |    48 |    93 |     7 ||   148
       Searing Ray       |     7 |    19 |    17 ||    43
  Use: Scroll            |     4 |     4 |     3 ||    11
       Potion            |       |       |     6 ||     6
 Stab: Sleeping          |     1 |     4 |       ||     5
  Eat: Chunk             |     4 |    12 |     3 ||    19
       Ration            |       |       |     1 ||     1
Armor: Skin              |    25 |    16 |    15 ||    56
Dodge: Dodged            |    48 |    57 |    20 ||   125
